 Dungeon Sprint DCSS version 0.27-a0-394-g49c82dfaf2 (webtiles) character file.

Game seed: 1933215699658397614

10700000 hittemvvvvvhard the Conqueror (level 27, -1/273 HPs)
             Began as a Hill Orc Gladiator on Feb 20, 2021.
             Was the Champion of Makhleb.
             Killed by the air
             ... invoked by a tyrant
              (37 damage)
             ... in the Dungeon (Sprint VIII: "Arena of Blood").
             The game lasted 00:04:39 (107 turns).

hittemvvvvvhard the Conqueror (Hill Orc Gladiator)   Turns: 107, Time: 00:04:40

Health: -1/273     AC:  8    Str: 21    XL:     27
Magic:  40/54      EV: 38    Int:  8    God:    Makhleb [******]
Gold:   0          SH:  0    Dex: 21    Spells: 80/80 levels left

rFire    . . .     SeeInvis .   k - +∞ Axe of Woe
rCold    . . .     Faith    .   (shield currently unavailable)
rNeg     . . .     Spirit   .   b - +0 leather armour
rPois    .         Reflect  .   c - +0 helmet
rElec    .         Harm     .   (no cloak)
rCorr    .         Rampage  .   (no gloves)
Will     ++...     NoTele   +   (no boots)
Stlth    ++++++++++             (no amulet)
HPRegen  0.55/turn              (no ring)
MPRegen  0.34/turn              (no ring)

@: marked
A: no striking features
a: Renounce Religion, Minor Destruction, Lesser Servant of Makhleb, Major
Destruction, Greater Servant of Makhleb


You were in the Dungeon.
You worshipped Makhleb.
Makhleb was exalted by your worship.
You visited 1 branch

Inventory:

Hand Weapons
 a - a +0 war axe
 k - the +∞ Axe of Woe (weapon)
   (You found it in the Dungeon)
Missiles
 d - 3 throwing nets (quivered) {=f}
Armour
 b - a +0 leather armour (worn)
 c - a +0 helmet (worn)
Scrolls
 j - a scroll of blinking {!r}
Potions
 e - a potion of curing
 f - a potion of heal wounds
 g - a potion of haste
 h - 2 potions of magic
 i - a potion of berserk rage {!q}


   Skills:
 O Level 27 Fighting
 O Level 27 Short Blades
 O Level 27 Long Blades
 O Level 27 Axes
 O Level 27 Maces & Flails
 O Level 27 Polearms
 O Level 27 Staves
 O Level 27 Slings
 O Level 27 Bows
 O Level 27 Crossbows
 O Level 27 Throwing
 O Level 27 Armour
 O Level 27 Dodging
 O Level 27 Stealth
 O Level 27 Shields
 O Level 27 Unarmed Combat
 O Level 27 Spellcasting
 O Level 27 Conjurations
 O Level 27 Hexes
 O Level 27 Summonings
 O Level 27 Necromancy
 O Level 27 Translocations
 O Level 27 Transmutations
 O Level 27 Fire Magic
 O Level 27 Ice Magic
 O Level 27 Air Magic
 O Level 27 Earth Magic
 O Level 27 Poison Magic
 O Level 27 Invocations
 O Level 27 Evocations


You had 80 spell levels left.
You didn't know any spells.
Your spell library was empty.

Dungeon Overview and Level Annotations

Branches:
Dungeon (1/1)

Altars:
Makhleb

Annotations:
D The Defiler


Message History

The eight-headed meat hydra convulses!
Something is bathed in an unholy light!
The bag of meat convulses!
Your body is wracked with pain!
* * * LOW HITPOINT WARNING * * *
The bag of meat convulses! x2
The tyrant mumbles some strange words.
The dread calls on the powers of darkness!
The eight-headed meat hydra convulses!
The Defiler convulses!
The eight-headed meat hydra convulses!
The bag of meat convulses! x4
Your body is wracked with pain!
* * * LOW HITPOINT WARNING * * *
Something is bathed in an unholy light!
The bag of meat convulses!
The eight-headed meat hydra calls on the powers of darkness!
The eight-headed meat hydra convulses!
The bag of meat convulses!
Something is bathed in an unholy light!
The bag of meat convulses! x3
The eight-headed meat hydra convulses!
Something is bathed in an unholy light!
The eight-headed meat hydra convulses!
The scourge convulses!
Your body is wracked with pain!
* * * LOW HITPOINT WARNING * * *
The large abomination is engulfed in blazing flames.
The tyrant gestures wildly while chanting.
The tyrant seems to speed up.
Your life force feels restored.
Unknown command.
Unknown command.
You take 18 damage, and have 8/273 hp.
Unknown command.
Unknown command.
You slash the bag of meat! You chop the bag of meat into pieces.
You kill the bag of meat!
You feel better.
You slice the large abomination!!
You pulverise the large abomination into a thin bloody mist.
You destroy the large abomination!
You slash the large abomination!
You hew the large abomination savagely.
You destroy the large abomination!
You are engulfed in blazing flames.
* * * LOW HITPOINT WARNING * * *
The tyrant waves its bony arms in wide circles.
The air twists around and strikes you!!!
You die...

..........
LO.....X... ....LD...
. #..oooD@# .#...
#....WoD# oL
.....###X§.Xo..###.{.
......§°§)###°o.)o)o.
..#..°.§§XLX§○).)ooo.
#.....§°#XX))@#☼oo☼
......§§#_XX)_# .
#.......#)○o.L#..
.#...).oD)_X.o...
.......)o{###DM....
.....###D{L..M.###.
..... #S......# ...
#.......# ..
........o

Skill      XL: |  1  2  3  4  5  6  7  8  9 10 11 12 13 14 15 16 17 18 19 20 21 22 23 24 25 26 27 |
---------------+----------------------------------------------------------------------------------+-----
Axes           | 26 27 | 27.0
Fighting       | 15 20 25 27 | 27.0
Dodging        | 11 15 19 20 26 27 | 27.0
Armour         | 26 27 | 27.0
Invocations    | 22 27 | 27.0
Stealth        | 17 27 | 27.0
Maces & Flails | 7 12 16 19 22 24 27 | 27.0
Polearms       | 7 12 16 19 22 24 27 | 27.0
Staves         | 6 10 14 17 19 21 24 27 | 27.0
Slings         | 6 10 14 17 19 21 25 27 | 27.0
Bows           | 6 10 14 17 19 21 25 27 | 27.0
Crossbows      | 6 10 14 17 19 21 25 27 | 27.0
Throwing       | 6 10 14 17 19 21 25 27 | 27.0
Shields        | 7 12 16 19 22 24 27 | 27.0
Unarmed Combat | 7 12 16 19 22 24 27 | 27.0
Evocations     | 6 11 15 18 20 23 26 27 | 27.0
Spellcasting   | 5 27 | 27.0
Short Blades   | 27 | 27.0
Long Blades    | 27 | 27.0
Conjurations   | 27 | 27.0
Hexes          | 27 | 27.0
Summonings     | 27 | 27.0
Necromancy     | 27 | 27.0
Translocations | 27 | 27.0
Transmutations | 27 | 27.0
Fire Magic     | 27 | 27.0
Ice Magic      | 27 | 27.0
Air Magic      | 27 | 27.0
Earth Magic    | 27 | 27.0
Poison Magic   | 27 | 27.0

Notes
Turn   | Place    | Note
-------+----------+-------------------------------------------
     0 | D        | Found the +∞ Axe of Woe
     0 | D        | hittemvvvvvhard the Hill Orc Gladiator began the quest for
                  | the Orb.
     0 | D        | Reached XP level 1. HP: 18/18 MP: 1/1
     1 | D        | Noticed a meat berserker
     1 | D        | Noticed a bag of meat
     3 | D        | Noticed a bag of meat
     3 | D        | Noticed a bag of meat
     3 | D        | Noticed a bag of meat
     4 | D        | Noticed a bag of meat
     5 | D        | Killed a bag of meat
     6 | D        | Reached skill level 26 in Axes
     6 | D        | Reached skill level 15 in Fighting
     6 | D        | Reached skill level 11 in Dodging
     6 | D        | Reached XP level 2. HP: 48/48 MP: 2/2
     6 | D        | Reached XP level 3. HP: 55/55 MP: 3/3
     6 | D        | Reached XP level 4. HP: 62/62 MP: 4/4
     6 | D        | Reached XP level 5. HP: 69/69 MP: 5/5
     6 | D        | Reached XP level 6. HP: 77/77 MP: 6/6
     6 | D        | Reached XP level 7. HP: 83/83 MP: 7/7
     6 | D        | Reached XP level 8. HP: 91/91 MP: 8/8
     6 | D        | Reached XP level 9. HP: 97/97 MP: 9/9
     6 | D        | Reached XP level 10. HP: 106/106 MP: 10/10
     6 | D        | Reached XP level 11. HP: 113/113 MP: 11/11
     6 | D        | Reached XP level 12. HP: 121/121 MP: 12/12
     6 | D        | Killed a bag of meat
     6 | D        | Noticed a meat berserker
     7 | D        | Reached skill level 20 in Fighting
     7 | D        | Reached skill level 15 in Dodging
     7 | D        | Reached XP level 13. HP: 139/139 MP: 13/13
     7 | D        | Killed a meat berserker
     8 | D        | Reached skill level 25 in Fighting
     8 | D        | Reached skill level 19 in Dodging
     8 | D        | Reached XP level 14. HP: 162/162 MP: 14/14
     8 | D        | Killed a bag of meat
     9 | D        | Reached skill level 27 in Fighting
     9 | D        | Reached skill level 20 in Dodging
     9 | D        | Reached XP level 15. HP: 174/174 MP: 15/15
    10 | D        | Reached skill level 22 in Dodging
    10 | D        | Killed a meat berserker
    11 | D        | Reached skill level 26 in Dodging
    11 | D        | Reached XP level 16. HP: 183/183 MP: 16/16
    11 | D        | Noticed a meat berserker
    13 | D        | Reached skill level 27 in Dodging
    13 | D        | Reached skill level 14 in Armour
    13 | D        | Noticed a meat berserker
    15 | D        | Killed a meat berserker
    16 | D        | Reached skill level 26 in Armour
    16 | D        | Reached XP level 17. HP: 158/191 MP: 17/17
    16 | D        | Became a worshipper of Makhleb the Destroyer
    17 | D        | Killed a meat berserker
    18 | D        | Reached skill level 27 in Armour
    18 | D        | Reached skill level 27 in Axes
    18 | D        | Reached skill level 22 in Invocations
    18 | D        | Reached XP level 18. HP: 167/200 MP: 17/33
    19 | D        | Reached * piety under Makhleb
    20 | D        | Reached skill level 26 in Invocations
    21 | D        | Reached skill level 27 in Invocations
    21 | D        | Reached skill level 12 in Stealth
    23 | D        | Reached skill level 17 in Stealth
    23 | D        | Reached XP level 19. HP: 207/207 MP: 17/36
    23 | D        | Noticed a meat berserker
    24 | D        | Noticed a large bag of meat
    25 | D        | Noticed a meat berserker
    25 | D        | Noticed a meat berserker
    26 | D        | Noticed a destroyer
    26 | D        | Noticed a large bag of meat
    26 | D        | Noticed a destroyer
    27 | D        | Killed a meat berserker
    27 | D        | Reached ** piety under Makhleb
    28 | D        | Reached skill level 23 in Stealth
    28 | D        | Noticed a meat berserker
    28 | D        | Noticed The Servant
    29 | D        | Killed The Servant
    30 | D        | Reached skill level 27 in Stealth
    30 | D        | Reached skill level 7 in Maces & Flails
    30 | D        | Reached skill level 7 in Polearms
    30 | D        | Reached skill level 6 in Staves
    30 | D        | Reached skill level 6 in Slings
    30 | D        | Reached skill level 6 in Bows
    30 | D        | Reached skill level 6 in Crossbows
    30 | D        | Reached skill level 6 in Throwing
    30 | D        | Reached skill level 7 in Shields
    30 | D        | Reached skill level 7 in Unarmed Combat
    30 | D        | Reached skill level 6 in Evocations
    30 | D        | Reached XP level 20. HP: 216/216 MP: 19/37
    30 | D        | Killed a meat berserker
    30 | D        | Killed a meat berserker
    30 | D        | Reached *** piety under Makhleb
    31 | D        | Reached skill level 12 in Maces & Flails
    31 | D        | Reached skill level 12 in Polearms
    31 | D        | Reached skill level 10 in Staves
    31 | D        | Reached skill level 10 in Slings
    31 | D        | Reached skill level 10 in Bows
    31 | D        | Reached skill level 10 in Crossbows
    31 | D        | Reached skill level 10 in Throwing
    31 | D        | Reached skill level 12 in Shields
    31 | D        | Reached skill level 12 in Unarmed Combat
    31 | D        | Reached skill level 11 in Evocations
    31 | D        | Reached XP level 21. HP: 224/224 MP: 19/38
    32 | D        | Noticed a destroyer
    33 | D        | Killed a meat berserker
    33 | D        | Killed a large bag of meat
    33 | D        | Noticed a destroyer
    33 | D        | Noticed a meat berserker
    34 | D        | Reached skill level 15 in Maces & Flails
    34 | D        | Reached skill level 15 in Polearms
    34 | D        | Reached skill level 13 in Staves
    34 | D        | Reached skill level 13 in Slings
    34 | D        | Reached skill level 13 in Bows
    34 | D        | Reached skill level 13 in Crossbows
    34 | D        | Reached skill level 13 in Throwing
    34 | D        | Reached skill level 15 in Shields
    34 | D        | Reached skill level 15 in Unarmed Combat
    34 | D        | Reached skill level 14 in Evocations
    34 | D        | Noticed a meat berserker
    34 | D        | Noticed a meat berserker
    34 | D        | Noticed a meat berserker
    34 | D        | Noticed a large bag of meat
    34 | D        | Noticed a large bag of meat
    34 | D        | Noticed a destroyer
    34 | D        | Noticed an eight-headed meat hydra
    34 | D        | Noticed a meat berserker
    35 | D        | Noticed a meat berserker
    35 | D        | Reached **** piety under Makhleb
    35 | D        | Noticed a meat berserker
    36 | D        | Reached skill level 16 in Maces & Flails
    36 | D        | Reached skill level 16 in Polearms
    36 | D        | Reached skill level 14 in Staves
    36 | D        | Reached skill level 14 in Slings
    36 | D        | Reached skill level 14 in Bows
    36 | D        | Reached skill level 14 in Crossbows
    36 | D        | Reached skill level 14 in Throwing
    36 | D        | Reached skill level 16 in Shields
    36 | D        | Reached skill level 16 in Unarmed Combat
    36 | D        | Reached skill level 15 in Evocations
    36 | D        | Reached XP level 22. HP: 191/233 MP: 20/39
    37 | D        | Reached skill level 18 in Maces & Flails
    37 | D        | Reached skill level 18 in Polearms
    37 | D        | Reached skill level 15 in Staves
    37 | D        | Reached skill level 15 in Slings
    37 | D        | Reached skill level 15 in Bows
    37 | D        | Reached skill level 15 in Crossbows
    37 | D        | Reached skill level 15 in Throwing
    37 | D        | Reached skill level 18 in Shields
    37 | D        | Reached skill level 18 in Unarmed Combat
    37 | D        | Reached skill level 17 in Evocations
    37 | D        | Killed a destroyer
    37 | D        | Reached ***** piety under Makhleb
    37 | D        | Noticed a destroyer
    37 | D        | Noticed a destroyer
    38 | D        | Reached skill level 19 in Maces & Flails
    38 | D        | Reached skill level 19 in Polearms
    38 | D        | Reached skill level 17 in Staves
    38 | D        | Reached skill level 17 in Slings
    38 | D        | Reached skill level 17 in Bows
    38 | D        | Reached skill level 17 in Crossbows
    38 | D        | Reached skill level 17 in Throwing
    38 | D        | Reached skill level 19 in Shields
    38 | D        | Reached skill level 19 in Unarmed Combat
    38 | D        | Reached skill level 18 in Evocations
    38 | D        | Reached XP level 23. HP: 240/240 MP: 21/40
    38 | D        | Killed a destroyer
    39 | D        | Reached skill level 22 in Maces & Flails
    39 | D        | Reached skill level 22 in Polearms
    39 | D        | Reached skill level 19 in Staves
    39 | D        | Reached skill level 19 in Slings
    39 | D        | Reached skill level 19 in Bows
    39 | D        | Reached skill level 19 in Crossbows
    39 | D        | Reached skill level 19 in Throwing
    39 | D        | Reached skill level 22 in Shields
    39 | D        | Reached skill level 22 in Unarmed Combat
    39 | D        | Reached skill level 20 in Evocations
    39 | D        | Reached XP level 24. HP: 249/249 MP: 21/40
    39 | D        | Killed a destroyer
    39 | D        | Reached ****** piety under Makhleb
    39 | D        | Noticed a large bag of meat
    39 | D        | Noticed a destroyer
    40 | D        | Reached skill level 24 in Maces & Flails
    40 | D        | Reached skill level 24 in Polearms
    40 | D        | Reached skill level 21 in Staves
    40 | D        | Reached skill level 21 in Slings
    40 | D        | Reached skill level 21 in Bows
    40 | D        | Reached skill level 21 in Crossbows
    40 | D        | Reached skill level 21 in Throwing
    40 | D        | Reached skill level 24 in Shields
    40 | D        | Reached skill level 24 in Unarmed Combat
    40 | D        | Reached skill level 23 in Evocations
    40 | D        | Reached XP level 25. HP: 257/257 MP: 21/40
    40 | D        | Killed a destroyer
    40 | D        | Noticed a destroyer
    41 | D        | Reached skill level 26 in Maces & Flails
    41 | D        | Reached skill level 26 in Polearms
    41 | D        | Reached skill level 23 in Staves
    41 | D        | Reached skill level 23 in Slings
    41 | D        | Reached skill level 23 in Bows
    41 | D        | Reached skill level 23 in Crossbows
    41 | D        | Reached skill level 23 in Throwing
    41 | D        | Reached skill level 26 in Shields
    41 | D        | Reached skill level 26 in Unarmed Combat
    41 | D        | Reached skill level 24 in Evocations
    41 | D        | Killed a destroyer
    41 | D        | Killed a destroyer
    42 | D        | Reached skill level 27 in Maces & Flails
    42 | D        | Reached skill level 27 in Polearms
    42 | D        | Reached skill level 24 in Staves
    42 | D        | Reached skill level 25 in Slings
    42 | D        | Reached skill level 25 in Bows
    42 | D        | Reached skill level 25 in Crossbows
    42 | D        | Reached skill level 25 in Throwing
    42 | D        | Reached skill level 27 in Shields
    42 | D        | Reached skill level 27 in Unarmed Combat
    42 | D        | Reached skill level 26 in Evocations
    42 | D        | Reached XP level 26. HP: 266/266 MP: 22/40
    42 | D        | Killed a destroyer
    43 | D        | Reached skill level 27 in Staves
    43 | D        | Reached skill level 27 in Slings
    43 | D        | Reached skill level 27 in Bows
    43 | D        | Reached skill level 27 in Crossbows
    43 | D        | Reached skill level 27 in Throwing
    43 | D        | Reached skill level 27 in Evocations
    43 | D        | Reached skill level 5 in Spellcasting
    43 | D        | Reached XP level 27. HP: 273/273 MP: 22/40
    44 | D        | Reached skill level 14 in Spellcasting
    44 | D        | Killed a destroyer
    45 | D        | Reached skill level 25 in Spellcasting
    45 | D        | Killed a large bag of meat
    45 | D        | Killed a large bag of meat
    46 | D        | Reached skill level 27 in Spellcasting
    46 | D        | Reached skill level 7 in Short Blades
    46 | D        | Reached skill level 8 in Long Blades
    46 | D        | Reached skill level 7 in Conjurations
    46 | D        | Reached skill level 7 in Hexes
    46 | D        | Reached skill level 7 in Summonings
    46 | D        | Reached skill level 7 in Necromancy
    46 | D        | Reached skill level 6 in Translocations
    46 | D        | Reached skill level 5 in Transmutations
    46 | D        | Reached skill level 8 in Fire Magic
    46 | D        | Reached skill level 6 in Ice Magic
    46 | D        | Reached skill level 6 in Air Magic
    46 | D        | Reached skill level 7 in Earth Magic
    46 | D        | Reached skill level 6 in Poison Magic
    48 | D        | Reached skill level 9 in Short Blades
    48 | D        | Reached skill level 10 in Long Blades
    48 | D        | Reached skill level 9 in Conjurations
    48 | D        | Reached skill level 9 in Hexes
    48 | D        | Reached skill level 9 in Summonings
    48 | D        | Reached skill level 9 in Necromancy
    48 | D        | Reached skill level 8 in Translocations
    48 | D        | Reached skill level 7 in Transmutations
    48 | D        | Reached skill level 10 in Fire Magic
    48 | D        | Reached skill level 9 in Ice Magic
    48 | D        | Reached skill level 8 in Air Magic
    48 | D        | Reached skill level 9 in Earth Magic
    48 | D        | Reached skill level 9 in Poison Magic
    49 | D        | Reached skill level 10 in Short Blades
    49 | D        | Reached skill level 11 in Long Blades
    49 | D        | Reached skill level 10 in Conjurations
    49 | D        | Reached skill level 10 in Hexes
    49 | D        | Reached skill level 10 in Summonings
    49 | D        | Reached skill level 10 in Necromancy
    49 | D        | Reached skill level 11 in Fire Magic
    49 | D        | Reached skill level 10 in Earth Magic
    50 | D        | Reached skill level 11 in Short Blades
    50 | D        | Reached skill level 12 in Long Blades
    50 | D        | Reached skill level 11 in Conjurations
    50 | D        | Reached skill level 11 in Hexes
    50 | D        | Reached skill level 11 in Summonings
    50 | D        | Reached skill level 11 in Necromancy
    50 | D        | Reached skill level 10 in Translocations
    50 | D        | Reached skill level 9 in Transmutations
    50 | D        | Reached skill level 12 in Fire Magic
    50 | D        | Reached skill level 10 in Ice Magic
    50 | D        | Reached skill level 10 in Air Magic
    50 | D        | Reached skill level 11 in Earth Magic
    50 | D        | Reached skill level 10 in Poison Magic
    51 | D        | Reached skill level 12 in Short Blades
    51 | D        | Reached skill level 13 in Long Blades
    51 | D        | Reached skill level 12 in Conjurations
    51 | D        | Reached skill level 12 in Hexes
    51 | D        | Reached skill level 12 in Summonings
    51 | D        | Reached skill level 12 in Necromancy
    51 | D        | Reached skill level 13 in Fire Magic
    51 | D        | Reached skill level 11 in Ice Magic
    51 | D        | Reached skill level 12 in Earth Magic
    51 | D        | Reached skill level 11 in Poison Magic
    52 | D        | Reached skill level 13 in Short Blades
    52 | D        | Reached skill level 14 in Long Blades
    52 | D        | Reached skill level 13 in Conjurations
    52 | D        | Reached skill level 13 in Hexes
    52 | D        | Reached skill level 13 in Summonings
    52 | D        | Reached skill level 13 in Necromancy
    52 | D        | Reached skill level 11 in Translocations
    52 | D        | Reached skill level 11 in Transmutations
    52 | D        | Reached skill level 14 in Fire Magic
    52 | D        | Reached skill level 12 in Ice Magic
    52 | D        | Reached skill level 11 in Air Magic
    52 | D        | Reached skill level 13 in Earth Magic
    52 | D        | Reached skill level 12 in Poison Magic
    53 | D        | Noticed a tyrant
    54 | D        | Noticed a tyrant
    55 | D        | Killed a large bag of meat
    55 | D        | Killed a large bag of meat
    56 | D        | Reached skill level 15 in Short Blades
    56 | D        | Reached skill level 16 in Long Blades
    56 | D        | Reached skill level 15 in Conjurations
    56 | D        | Reached skill level 15 in Hexes
    56 | D        | Reached skill level 15 in Summonings
    56 | D        | Reached skill level 15 in Necromancy
    56 | D        | Reached skill level 13 in Translocations
    56 | D        | Reached skill level 12 in Transmutations
    56 | D        | Reached skill level 16 in Fire Magic
    56 | D        | Reached skill level 14 in Ice Magic
    56 | D        | Reached skill level 13 in Air Magic
    56 | D        | Reached skill level 15 in Earth Magic
    56 | D        | Reached skill level 14 in Poison Magic
    56 | D        | Noticed an accursed
    56 | D        | Noticed an accursed
    58 | D        | Reached skill level 17 in Fire Magic
    59 | D        | Reached skill level 17 in Long Blades
    59 | D        | Noticed The Captor
    59 | D        | Noticed a large bag of meat
    61 | D        | Reached skill level 17 in Short Blades
    61 | D        | Reached skill level 18 in Long Blades
    61 | D        | Reached skill level 17 in Conjurations
    61 | D        | Reached skill level 17 in Hexes
    61 | D        | Reached skill level 17 in Summonings
    61 | D        | Reached skill level 17 in Necromancy
    61 | D        | Reached skill level 15 in Translocations
    61 | D        | Reached skill level 14 in Transmutations
    61 | D        | Reached skill level 18 in Fire Magic
    61 | D        | Reached skill level 16 in Ice Magic
    61 | D        | Reached skill level 14 in Air Magic
    61 | D        | Reached skill level 17 in Earth Magic
    61 | D        | Reached skill level 16 in Poison Magic
    61 | D        | Noticed a dread
    62 | D        | Reached skill level 18 in Short Blades
    62 | D        | Reached skill level 19 in Long Blades
    62 | D        | Reached skill level 18 in Conjurations
    62 | D        | Reached skill level 18 in Hexes
    62 | D        | Reached skill level 18 in Summonings
    62 | D        | Reached skill level 18 in Necromancy
    62 | D        | Reached skill level 19 in Fire Magic
    62 | D        | Reached skill level 17 in Ice Magic
    62 | D        | Reached skill level 15 in Air Magic
    62 | D        | Reached skill level 18 in Earth Magic
    62 | D        | Reached skill level 17 in Poison Magic
    62 | D        | Noticed a meat beast
    64 | D        | Reached skill level 20 in Long Blades
    64 | D        | Reached skill level 16 in Translocations
    64 | D        | Reached skill level 15 in Transmutations
    64 | D        | Reached skill level 20 in Fire Magic
    64 | D        | Reached skill level 16 in Air Magic
    64 | D        | Killed an accursed
    65 | D        | Reached skill level 20 in Short Blades
    65 | D        | Reached skill level 21 in Long Blades
    65 | D        | Reached skill level 20 in Conjurations
    65 | D        | Reached skill level 20 in Hexes
    65 | D        | Reached skill level 20 in Summonings
    65 | D        | Reached skill level 20 in Necromancy
    65 | D        | Reached skill level 17 in Translocations
    65 | D        | Reached skill level 16 in Transmutations
    65 | D        | Reached skill level 21 in Fire Magic
    65 | D        | Reached skill level 18 in Ice Magic
    65 | D        | Reached skill level 17 in Air Magic
    65 | D        | Reached skill level 20 in Earth Magic
    65 | D        | Reached skill level 18 in Poison Magic
    65 | D        | Killed a large bag of meat
    66 | D        | Reached skill level 22 in Long Blades
    66 | D        | Reached skill level 22 in Fire Magic
    66 | D        | Reached skill level 19 in Ice Magic
    66 | D        | Reached skill level 18 in Air Magic
    66 | D        | Reached skill level 19 in Poison Magic
    66 | D        | Noticed a meat beast
    66 | D        | Noticed a dread
    66 | D        | Noticed an accursed
    67 | D        | Reached skill level 21 in Short Blades
    67 | D        | Reached skill level 21 in Conjurations
    67 | D        | Reached skill level 21 in Hexes
    67 | D        | Reached skill level 21 in Summonings
    67 | D        | Reached skill level 21 in Necromancy
    67 | D        | Reached skill level 18 in Translocations
    67 | D        | Reached skill level 17 in Transmutations
    67 | D        | Reached skill level 23 in Fire Magic
    67 | D        | Reached skill level 21 in Earth Magic
    67 | D        | Reached skill level 20 in Poison Magic
    67 | D        | Killed an accursed
    67 | D        | Noticed a meat beast
    67 | D        | Noticed a destroyer
    67 | D        | Noticed a dread
    67 | D        | HP: 63/273 [meat berserker/+9 battleaxe (62)]
    68 | D        | Reached skill level 23 in Short Blades
    68 | D        | Reached skill level 24 in Long Blades
    68 | D        | Reached skill level 23 in Conjurations
    68 | D        | Reached skill level 23 in Hexes
    68 | D        | Reached skill level 23 in Summonings
    68 | D        | Reached skill level 23 in Necromancy
    68 | D        | Reached skill level 20 in Translocations
    68 | D        | Reached skill level 18 in Transmutations
    68 | D        | Reached skill level 24 in Fire Magic
    68 | D        | Reached skill level 21 in Ice Magic
    68 | D        | Reached skill level 20 in Air Magic
    68 | D        | Reached skill level 23 in Earth Magic
    68 | D        | Reached skill level 21 in Poison Magic
    68 | D        | Noticed a meat beast
    68 | D        | Noticed a meat beast
    69 | D        | Reached skill level 25 in Long Blades
    69 | D        | Reached skill level 19 in Transmutations
    69 | D        | Reached skill level 25 in Fire Magic
    69 | D        | Reached skill level 22 in Ice Magic
    69 | D        | Reached skill level 22 in Poison Magic
    69 | D        | Killed The Captor
    69 | D        | Killed a dread
    69 | D        | Noticed a meat beast
    70 | D        | Reached skill level 25 in Short Blades
    70 | D        | Reached skill level 27 in Long Blades
    70 | D        | Reached skill level 25 in Conjurations
    70 | D        | Reached skill level 25 in Hexes
    70 | D        | Reached skill level 25 in Summonings
    70 | D        | Reached skill level 25 in Necromancy
    70 | D        | Reached skill level 22 in Translocations
    70 | D        | Reached skill level 20 in Transmutations
    70 | D        | Reached skill level 27 in Fire Magic
    70 | D        | Reached skill level 23 in Ice Magic
    70 | D        | Reached skill level 22 in Air Magic
    70 | D        | Reached skill level 25 in Earth Magic
    70 | D        | Reached skill level 23 in Poison Magic
    70 | D        | Killed a meat beast
    70 | D        | Killed a meat beast
    70 | D        | Noticed a large bag of meat
    70 | D        | Noticed a large bag of meat
    70 | D        | Noticed a meat beast
    71 | D        | Reached skill level 27 in Short Blades
    71 | D        | Reached skill level 27 in Conjurations
    71 | D        | Reached skill level 27 in Hexes
    71 | D        | Reached skill level 27 in Summonings
    71 | D        | Reached skill level 27 in Necromancy
    71 | D        | Reached skill level 27 in Translocations
    71 | D        | Reached skill level 27 in Transmutations
    71 | D        | Reached skill level 27 in Ice Magic
    71 | D        | Reached skill level 27 in Air Magic
    71 | D        | Reached skill level 27 in Earth Magic
    71 | D        | Reached skill level 27 in Poison Magic
    71 | D        | Killed a meat beast
    71 | D        | Killed a destroyer
    71 | D        | Noticed a meat beast
    71 | D        | Noticed a tyrant
    71 | D        | Noticed a destroyer
    71 | D        | Noticed a tyrant
    71 | D        | Noticed an accursed
    71 | D        | Noticed a destroyer
    72 | D        | Killed a meat beast
    72 | D        | Killed a meat beast
    72 | D        | Killed a tyrant
    73 | D        | Killed a destroyer
    73 | D        | Killed a destroyer
    73 | D        | Killed a large bag of meat
    73 | D        | Noticed a tyrant
    73 | D        | Noticed a large bag of meat
    74 | D        | Noticed a destroyer
    74 | D        | Killed a meat beast
    74 | D        | Killed a meat beast
    74 | D        | Noticed a dread
    74 | D        | Noticed a dread
    74 | D        | Noticed a destroyer
    75 | D        | Killed a destroyer
    75 | D        | Noticed a tyrant
    75 | D        | Noticed a tyrant
    75 | D        | Noticed a meat beast
    75 | D        | Noticed an accursed
    76 | D        | Noticed a destroyer
    76 | D        | Killed a dread
    76 | D        | Killed a meat beast
    76 | D        | Noticed an accursed
    76 | D        | Noticed a meat beast
    77 | D        | Noticed a meat beast
    77 | D        | Killed a tyrant
    77 | D        | Killed a destroyer
    77 | D        | Noticed a destroyer
    77 | D        | Noticed a dread
    77 | D        | Noticed a destroyer
    77 | D        | Noticed a dread
    78 | D        | Killed a dread
    78 | D        | Noticed a tyrant
    78 | D        | HP: 55/273 [??? (53)]
    78 | D        | Noticed a destroyer
    79 | D        | Killed a destroyer
    79 | D        | Noticed a meat beast
    80 | D        | Noticed a destroyer
    80 | D        | Killed a tyrant
    80 | D        | Killed a meat beast
    80 | D        | Killed a meat beast
    80 | D        | Killed a tyrant
    80 | D        | Noticed a destroyer
    81 | D        | Noticed a large bag of meat
    81 | D        | Killed a meat beast
    82 | D        | Noticed a destroyer
    82 | D        | Killed a destroyer
    82 | D        | Killed a meat beast
    82 | D        | Noticed a destroyer
    83 | D        | Noticed a destroyer
    83 | D        | Noticed a destroyer
    83 | D        | Killed a tyrant
    83 | D        | Noticed a destroyer
    83 | D        | Noticed a large bag of meat
    84 | D        | Killed a destroyer
    84 | D        | Killed a destroyer
    84 | D        | Noticed a large bag of meat
    84 | D        | HP: 51/273 [??? (48)]
    85 | D        | Noticed a large bag of meat
    85 | D        | Killed a destroyer
    86 | D        | Noticed a meat beast
    86 | D        | Killed a large bag of meat
    86 | D        | Killed a destroyer
    86 | D        | Killed a destroyer
    86 | D        | Killed a dread
    86 | D        | Killed a large bag of meat
    86 | D        | Noticed a destroyer
    86 | D        | Noticed a destroyer
    87 | D        | Killed a meat beast
    87 | D        | Killed a dread
    87 | D        | Killed a destroyer
    88 | D        | Noticed a meat beast
    88 | D        | Killed an accursed
    88 | D        | Killed a large bag of meat
    88 | D        | Noticed a meat beast
    89 | D        | Killed a large bag of meat
    89 | D        | Killed a dread
    89 | D        | Killed a destroyer
    90 | D        | Noticed a dread
    91 | D        | Killed a destroyer
    91 | D        | Killed a destroyer
    92 | D        | Noticed a meat beast
    92 | D        | Killed a dread
    92 | D        | HP: 53/273 [??? (50)]
    93 | D        | Killed a destroyer
    93 | D        | Killed a destroyer
    94 | D        | Noticed a meat beast
    94 | D        | Killed a destroyer
    94 | D        | Noticed an accursed
    95 | D        | Killed a meat beast
    95 | D        | Killed a meat beast
    95 | D        | Noticed a destroyer
    96 | D        | Killed a destroyer
    96 | D        | Noticed an accursed
    97 | D        | Killed a tyrant
    97 | D        | Killed an accursed
    97 | D        | Killed a tyrant
    97 | D        | Killed a large bag of meat
    97 | D        | Killed a large bag of meat
    97 | D        | HP: 59/252 [??? (56)]
    97 | D        | HP: 17/252 [??? (14)]
    98 | D        | Noticed a destroyer
    99 | D        | Killed a meat beast
   100 | D        | Noticed a tyrant
   101 | D        | Killed a destroyer
   101 | D        | Noticed a destroyer
   101 | D        | Noticed an accursed
   102 | D        | Killed a destroyer
   102 | D        | HP: 58/273 [??? (55)]
   102 | D        | Noticed a destroyer
   102 | D        | Noticed a tyrant
   102 | D        | HP: 24/273 [??? (21)]
   103 | D        | Noticed a tyrant
   103 | D        | Killed a meat beast
   103 | D        | Noticed The Defiler
   104 | D        | Killed a destroyer
   105 | D        | Noticed a tyrant
   105 | D        | Killed a large bag of meat
   106 | D        | Killed an accursed
   106 | D        | Killed an accursed
   106 | D        | HP: 8/252 [??? (5)]
   107 | D        | Killed from afar by a tyrant

Table legend: (Time is in decaauts)
 A = Elapsed time spent in this place.
 B = Non-inter-level travel time spent in this place.
 C = Inter-level travel time spent in this place.
 D = Time resting spent in this place.
 E = Time spent auto-exploring this place.
 F = Levels seen in this place.
 G = Mean time per level.
                   A        B        C        D        E       F      G
               +--------+--------+--------+--------+--------+-----+--------+
         Total |     90 |     90 |      0 |      0 |      0 |   1 |   90.0 |
       Dungeon |     90 |     90 |      0 |      0 |      0 |   1 |   90.0 |
               +--------+--------+--------+--------+--------+-----+--------+

Top non-repeatable levels by time:
       D: 90 daAuts

Table legend:
 A = Kills in this place as a percentage of kills in entire the game.
 B = Kills by you in this place as a percentage of kills by you in the entire game.
 C = Kills by friends in this place as a percentage of kills by friends in the entire game.
 D = Other kills in this place as a percentage of other kills in the entire game.
 E = Experience gained in this place as a percentage of experience gained in the entire game.
 F = Experience gained in this place divided by the number of levels of this place that you have seen.
                   A       B       C       D       E      F
               +-------+-------+-------+-------+-------+----------------------
         Total | 100.0 | 100.0 |   N/A |   N/A | 100.0 | 7717774.0
       Dungeon | 100.0 | 100.0 |   N/A |   N/A | 100.0 | 7717774.0
               +-------+-------+-------+-------+-------+----------------------

Action                   |  1- 3 |  4- 6 |  7- 9 | 10-12 | 13-15 | 16-18 | 19-21 | 22-24 | 25-27 || total
-------------------------+-------+-------+-------+-------+-------+-------+-------+-------+-------++-------
Melee: Executioner's axe |     1 |       |       |     1 |     4 |     6 |     5 |     4 |    61 ||    82
Armor: Leather armour    |       |       |       |       |       |       |       |       |     7 ||     7
Dodge: Dodged            |       |       |       |       |       |       |     1 |       |    22 ||    23

Vanquished Creatures
  Sigmund (D)
  17 hell beasts (D)
  6 royal mummies (D)
  A great orb of eyes (D)
  7 wraiths (D)
  Harold (D)
  31 vampire knights (D)
  63 ogres (D)
  8 two-headed ogres (D)
  7 liches (D)
  A hydra (D)
  75 orcs (D)
  4 phantoms (D)
  6 skeletal warriors (D)
228 creatures vanquished.

Vanquished Creatures (others)
  A great orb of eyes (D)
  6 two-headed ogres (D)
  A hydra (D)
  19 orcs (D)
27 creatures vanquished.

Grand Total: 255 creatures vanquished You could see 2 accurseds, 4 tentacled monstrosities, 4 tyrants, 6 eight-headed meat hydras, a scourge, 5 large abominations, The Defiler, a dread and 15 bags of meat.

Levels and vault maps discovered:
D:        meatsprint
